AoeStats
← Minero

Arabia

507364615Analyzed
2v2 RM · 13d ago on Sep 17, 2026· 56m 18s· 4 players
Game mode
Random Map
Map size
Medium (4 player)
Population
200
Speed
Normal
Resources
Standard
Victory
Conquest
Starting age
Dark Age
Ending age
Imperial Age
RankedLock teamsTeams togetherTeam positionsShared explorationLock speedFull tech treeHidden civsTurbo modeCheats
Victory
Defeat
🇧🇷 Ethiopians · Brazil
1314
+16
🇧🇷 Mongols · Brazil
1298
+17
🇦🇷 Georgians · Argentina
1341
-18
🇦🇷 Shu · Argentina
1287
-15
Zantins
8:22 Feudal Age
6:51 Loom
9:07 Double-Bit Axe
9:59 Horse Collar
21:20 Castle Age
19:52 Gold Mining
20:26 Fletching
20:37 Padded Archer Armor
20:48 Bloodlines
22:37 Scale Barding Armor
24:52 Chain Barding Armor
26:55 Forging
29:02 Bow Saw
31:54 Iron Casting
31:28 Town Watch
32:19 Wheelbarrow
32:17 Husbandry
32:51 Heavy Plow
32:27 Light Cavalry
37:09 Hand Cart
39:36 Imperial Age
38:39 Gold Shaft Mining
37:54 Stone Mining
41:19 Blast Furnace
40:27 Hussar
41:12 Murder Holes
42:27 Bodkin Arrow
45:15 Conscription
47:08 Leather Archer Armor
48:06 Drill
47:22 Elite Skirmisher
48:08 Thumb Ring
48:04 Bracer
48:20 Capped Ram
50:49 Chemistry
55:46 Town Patrol
55:57 Elite Mangudai
Minero
6:12 Loom
9:52 Feudal Age
10:25 Double-Bit Axe
17:23 Fletching
22:41 Castle Age
21:55 Padded Archer Armor
21:40 Horse Collar
21:52 Gold Mining
22:44 Crossbowman
23:21 Bodkin Arrow
23:57 Bow Saw
28:19 Heavy Plow
28:53 Stone Mining
30:33 Ballistics
31:23 Wheelbarrow
35:49 Imperial Age
34:45 Leather Archer Armor
34:43 Thumb Ring
34:40 Scale Mail Armor
35:32 Stone Shaft Mining
35:32 Forging
35:23 Squires
35:09 Arson
36:35 Chain Mail Armor
36:04 Arbalester
37:39 Bracer
38:50 Halberdier
40:24 Plate Mail Armor
42:20 Chemistry
41:56 Conscription
47:31 Fortified Wall
47:44 Murder Holes
55:16 Torsion Engines
56:31 Gold Shaft Mining
56:31 Ring Archer Armor
KevuJr
3:53 Loom
9:38 Feudal Age
10:12 Double-Bit Axe
10:05 Man-at-Arms
12:09 Arson
13:33 Horse Collar
19:11 Castle Age
17:45 Gold Mining
18:20 Fletching
19:19 Town Watch
24:27 Ballistics
24:04 Bodkin Arrow
24:10 Padded Archer Armor
24:48 Scale Barding Armor
26:19 Leather Archer Armor
27:16 Wheelbarrow
28:13 Town Patrol
40:05 Imperial Age
38:42 Hand Cart
38:27 Crossbowman
41:06 Bracer
43:31 Thumb Ring
43:35 Arbalester
53:00 Chemistry
Zatrapa
7:30 Loom
9:51 Feudal Age
10:25 Double-Bit Axe
11:18 Wheelbarrow
15:13 Town Watch
19:58 Castle Age
21:20 Bow Saw
28:12 Gold Mining
28:07 Horse Collar
30:10 Bloodlines
30:27 Scale Barding Armor
33:16 Heavy Plow
33:08 Stone Mining
33:50 Forging
33:50 Husbandry
34:36 Chain Barding Armor
35:31 Wheelbarrow
36:20 Iron Casting
39:26 Imperial Age
38:06 Fletching
39:22 Bodkin Arrow
39:30 Elite Monaspa
40:47 Plate Barding Armor
41:13 Blast Furnace
40:56 Conscription
40:42 Aznauri Cavalry
41:21 Stone Shaft Mining
41:17 Crop Rotation
41:11 Bracer
45:38 Chemistry
50:35 Ballistics
50:26 Masonry
50:27 Fortified Wall
50:13 Murder Holes
50:56 Padded Archer Armor
51:18 Elite Skirmisher
52:14 Leather Archer Armor
Connection lost

Rejoining the realm…

Still unreachable

The connection could not be restored.

Session expired

The server has moved on; the page needs a fresh start.